 Dungeon Crawl Stone Soup version 0.21.1-1-g345015f (webtiles) character file.

156 sking99 the Stinger (level 5, 0/28 HPs)
             Began as a Deep Elf Venom Mage on June 30, 2018.
             Slain by Ijyb
             ... wielding a +0 quarterstaff
              (5 damage)
             ... while paralysed by Ijyb
             ... on level 3 of the Dungeon.
             The game lasted 00:08:37 (3303 turns).

sking99 the Stinger (Deep Elf Venom Mage)           Turns: 3303, Time: 00:08:38

Health: 0/28       AC:  4    Str:  5    XL:     5   Next: 15%
Magic:  8/13       EV:  2    Int: 21    God:
Gold:   67         SH:  0    Dex: 15    Spells: 2/12 levels left

rFire    . . .     SeeInvis .   t - -2 hand axe (curse)
rCold    . . .     Gourm    .   (no shield)
rNeg     . . .     Faith    .   d - +0 leather armour
rPois    .         Spirit   .   v - +0 helmet
rElec    .         Reflect  .   (no cloak)
rCorr    .         Harm     .   (no gloves)
MR       .....                  (no boots)
Stlth    ++........             (no amulet)
HPRegen  0.09/turn              (no ring)
MPRegen  0.13/turn              (no ring)

@: paralysed
A: no striking features
a: no special abilities


You were on level 3 of the Dungeon.
You were hungry.

You visited 1 branch of the dungeon, and saw 3 of its levels.

You collected 67 gold pieces.

Inventory:

Hand Weapons
 o - a +0 whip
 t - a cursed -2 hand axe (weapon)
Armour
 a - a +0 robe
 d - a +0 leather armour (worn)
 v - a +0 helmet (worn)
Jewellery
 k - a +1 ring of protection {unknown}
 s - an uncursed amulet of rage {unknown}
 u - an uncursed amulet of harm {unknown}
Scrolls
 f - a scroll of fear {unknown}
 h - 3 scrolls of remove curse {unknown}
 i - a scroll of random uselessness {unknown}
 j - a scroll of enchant weapon {unknown}
 l - a scroll of identify {unknown}
 n - a scroll of magic mapping {unknown}
 p - 2 scrolls of teleportation {unknown}
Potions
 e - 2 potions of magic {unknown}
 g - a potion of mutation {unknown}
 m - a potion of degeneration {unknown}
 q - a potion of flight {unknown}
Books
 b - a Young Poisoner's Handbook

   Spells                             Type                      Level
   a - Sting                          Conjuration/Poison           1
   b - Poisonous Vapours              Poison/Air                   2
   c - Mephitic Cloud                 Conjuration/Poison/Air       3
   d - Olgreb's Toxic Radiance        Poison                       4
   e - Venom Bolt                     Conjuration/Poison           5
Comestibles
 c - 7 rations
 r - a chunk of flesh


   Skills:
 + Level 3.6 Dodging
 - Level 2.4 Stealth
 + Level 4.1 Spellcasting
 + Level 2.5 Conjurations
 + Level 1.6 Air Magic
 + Level 4.2 Poison Magic


You had 2 spell levels left.
You knew the following spells:

 Your Spells              Type           Power        Failure   Level  Hunger
a - Sting                 Conj/Pois      ###.         4%          1    None
b - Poisonous Vapours     Pois/Air       ###...       9%          2    #......
c - Mephitic Cloud        Conj/Pois/Air  ###.....     19%         3    ###....
d - Olgreb's Toxic Radia  Pois           ###.....     32%         4    ####...


Dungeon Overview and Level Annotations

Branches:
Dungeon (3/15)

Altars:
Hepliaklqana
Okawaru
Qazlal

Annotations:
D:3 Ijyb


Message History

Aim: Ijyb, wielding a quarterstaff and wearing a runed leather armour (lightly wounded)
The sting misses Ijyb.
Ijyb zaps a wand.
You suddenly lose the ability to move!
It is a wand of paralysis (9).
Ijyb hits you but does no damage. Ijyb hits you with a quarterstaff!
Ijyb completely misses you. Ijyb hits you but does no damage.
You can move again.
Ijyb zaps a wand.
You suddenly lose the ability to move!
Ijyb hits you but does no damage. Ijyb hits you with a quarterstaff. x2
You can move again.
Your magical contamination has completely faded away.
There is a stone staircase leading up here.
Ijyb zaps a wand.
You suddenly lose the ability to move!
Ijyb hits you with a quarterstaff!
* * * LOW HITPOINT WARNING * * *
Ijyb zaps a wand.
You shrug off the repeated paralysis!
Ijyb hits you with a quarterstaff.
You die...

...........## ............#
............############
.......................#
............#..........#
.......................#
.......................#######
..............<........#.....##
..........#....g@........#.#..#
.........##..............._...#
........[..####....[.....#.#..#
.............####.>...........#
...............###............#
.#.......#..##.......[).......##
....###..##.##..##.............#
.#### ##..#.###................#
## ##.#.###................#


You could see Ijyb.

Vanquished Creatures
  2 orc wizards (D:3)
  2 adders
  A shadow imp (D:2)
  3 worms
  A dart slug (D:3)
  3 leopard geckos
  6 orcs
  2 ball pythons
  4 giant cockroaches
  7 goblins
  5 hobgoblins
  7 bats
  A frilled lizard (D:2)
  6 kobolds
  13 rats
63 creatures vanquished.

Vanquished Creatures (others)
  A hobgoblin (D:2)
  4 jackals (D:2)
5 creatures vanquished.

Grand Total: 68 creatures vanquished

Notes
Turn   | Place    | Note
-------+----------+-------------------------------------------
     0 | D:1      | sking99 the Deep Elf Venom Mage began the quest for the Orb.
     0 | D:1      | Reached XP level 1. HP: 10/10 MP: 6/6
   417 | D:1      | Reached XP level 2. HP: 14/15 MP: 5/8
   423 | D:1      | Learned a level 2 spell: Poisonous Vapours
  1029 | D:2      | Found a stormy altar of Qazlal.
  1300 | D:2      | Reached XP level 3. HP: 19/19 MP: 5/9
  1634 | D:2      | Learned a level 3 spell: Mephitic Cloud
  1766 | D:2      | Reached skill level 1 in Air Magic
  2353 | D:3      | Found a hazy altar of Hepliaklqana.
  2366 | D:3      | Reached XP level 4. HP: 24/24 MP: 2/11
  2786 | D:3      | Found an iron altar of Okawaru.
  2869 | D:3      | Learned a level 4 spell: Olgreb's Toxic Radiance
  2938 | D:3      | Reached XP level 5. HP: 28/28 MP: 0/13
  3263 | D:3      | Noticed Ijyb
  3278 | D:3      | Paralysed by Ijyb for 5 turns
  3290 | D:3      | Paralysed by Ijyb for 6 turns
  3299 | D:3      | Paralysed by Ijyb for 7 turns
  3303 | D:3      | Slain by Ijyb

Skill      XL: |  1  2  3  4 |
---------------+-------------+-----
Dodging        | 3 |  3.6
Conjurations   | 2 |  2.5
Air Magic      | 1 |  1.6
Poison Magic   | 4 |  4.2
Spellcasting   | 4 |  4.1
Stealth        | |  2.4

Action                   |  1- 3 |  4- 6 || total
-------------------------+-------+-------++-------
Melee: Whip              |    12 |     1 ||    13
 Cast: Sting             |    47 |    35 ||    82
       Poisonous Vapours |    29 |    16 ||    45
       Olgreb's Toxic Ra |       |     1 ||     1
  Use: Potion            |     2 |       ||     2
  Eat: Chunk             |     5 |     3 ||     8
Armor: Robe              |     6 |       ||     6
       Leather armour    |     4 |    19 ||    23
Dodge: Dodged            |     8 |    34 ||    42
